 Dungeon Crawl Stone Soup version 0.30-a0-711-gf4ac18a38d (webtiles) character file.

Game seed: 16067325160177264529

139522 drugrobin the Brawler (level 16, -21/146 HPs)
             Began as a Demigod Delver on Jan 22, 2023.
             Killed by an exploding anaconda simulacrum (36 damage)
             ... ignited by their inner flame
             ... in an ice cave on Jan 23, 2023.
             The game lasted 01:52:19 (39027 turns).

drugrobin the Brawler (Demigod Delver)             Turns: 39027, Time: 01:52:20

Health: -21/146    AC: 14    Str: 25    XL:     16   Next: 22%
Magic:  0/32       EV: 10    Int: 20    God:
Gold:   1399       SH:  0    Dex: 15    Spells: 5/31 levels left

rFire   . . .      SeeInvis .      - Unarmed
rCold   . . .      Faith    .    (shield currently unavailable)
rNeg    . . .      Spirit   +    g - +3 chain mail {Will+}
rPois   +          Reflect  .    a - +2 hat
rElec   .          Harm     .    r - scarf {repulsion}
rCorr   +          Rampage  .    (gloves currently unavailable)
Will    ++...                    t - +0 pair of boots "Joch" {rCorr} Stlth
                                 Q - amulet of guardian spirit
HPRegen 0.44/turn                l - ring of poison resistance
MPRegen 0.23/turn                w - +4 ring of slaying

@: blade hands, repel missiles
A: high MP 1, forlorn, divine attributes
a: End Transformation


You were in an ice cave.
You had blades for hands.
You visited 6 branches of the dungeon, and saw 25 of its levels.
You also visited: Ice Cave.

You collected 3021 gold pieces.
You spent 1622 gold pieces at shops.

Inventory:

Hand Weapons
 b - the +2 sling of the Mauling Dove {flame, +Blink Str-2 SInv}
   (You found it on level 5 of the Lair of Beasts)

   Str:       It affects your strength (-2).
   SInv:      It lets you see invisible.
   +Blink:    It lets you blink.
 c - a +2 dagger of venom
Missiles
 u - 2 silver javelins (quivered)
 T - 3 throwing nets
Armour
 a - a +2 hat (worn)
 g - a +3 chain mail of willpower (worn)
 p - a +0 troll leather armour
 r - a scarf of repulsion (worn)
 t - the +0 pair of boots "Joch" (worn) {rCorr}
   (You found it on level 1 of the Lair of Beasts)

   rCorr:     It protects you from acid and corrosion.
 D - a +1 buckler of protection (melded)
 I - a +2 pair of gloves of infusion (melded)
 Z - the +2 robe of Context {rF++ rC+}
   (You bought it in a shop on level 13 of the Dungeon)

   rF:        It greatly protects you from fire.
   rC:        It protects you from cold.
Jewellery
 j - a ring of willpower
 l - a ring of poison resistance (left blade hand)
 q - a +6 ring of strength
 w - a +4 ring of slaying (right blade hand)
 Q - an amulet of guardian spirit (around neck)
Wands
 f - a wand of digging (2)
 v - a wand of roots (16)
 y - a wand of flame (5)
 J - a wand of charming (6)
 N - a wand of mindburst (8)
 P - a wand of polymorph (8)
 U - a wand of quicksilver (8)
Scrolls
 d - 3 scrolls of fear
 h - 6 scrolls of fog
 k - 6 scrolls of immolation
 m - 11 scrolls of teleportation
 n - a scroll of amnesia
 B - 5 scrolls of poison
 C - 5 scrolls of vulnerability
 M - 3 scrolls of magic mapping
 V - 2 scrolls of blinking
 Y - a scroll of butterflies
Potions
 e - 2 potions of haste
 i - 14 potions of curing
 o - 6 potions of lignification
 z - 3 potions of heal wounds
 F - 9 potions of ambrosia
 G - a potion of invisibility
 L - 2 potions of attraction
 R - 3 potions of might
 S - 2 potions of cancellation
Miscellaneous
 s - a phantom mirror
 x - a lightning rod (2/4)
 A - a tin of tremorstones (2/2)


   Skills:
 + Level 14.2 Fighting
 - Level 5.0 Dodging
 - Level 4.5 Stealth
 - Level 20.0 Unarmed Combat
 - Level 8.0 Spellcasting
 + Level 4.0 Necromancy
 * Level 10.0 Transmutations


You had 5 spell levels left.
You knew the following spells:

 Your Spells              Type           Power      Damage    Failure   Level
a - Blade Hands           Tmut           24%        N/A       73%         5
b - Mephitic Cloud        Conj/Pois/Air  8%         N/A       99%         3
c - Beastly Appendage     Tmut           96%        N/A       16%         1
d - Wereblood             Tmut           48%        N/A       19%         2
e - Spider Form           Tmut/Pois      28%        N/A       69%         3
f - Death Channel         Necr           12%        N/A       100%        6
g - Call Imp              Summ           8%         N/A       95%         2
h - Ice Form              Ice/Tmut       28%        N/A       93%         4

Your spell library contained the following spells:

 Spells                   Type           Power      Damage    Failure   Level
 Passwall                 Tmut/Erth      23%        N/A       52%         2
 Kiss of Death            Conj/Necr      64%        2d10      71%         1
 Cigotuvi's Dreadful Rot  Necr/Pois/Air  26%        N/A       87%         2
 Apportation              Tloc           16%        N/A       89%         1
 Magic Dart               Conj           32%        1d4       89%         1
 Sandblast                Erth           16%        2d6       89%         1
 Poisonous Vapours        Pois/Air       16%        N/A       95%         2
 Dispel Undead            Necr           24%        3d12      97%         4
 Confusing Touch          Hex            8%         N/A       99%         3
 Hailstorm                Conj/Ice       8%         3d4       99%         3
 Inner Flame              Hex/Fire       8%         N/A       99%         3
 Portal Projectile        Hex/Tloc       16%        N/A       99%         3
 Stone Arrow              Conj/Erth      16%        3d8       99%         3
 Tukima's Dance           Hex            8%         N/A       99%         3
 Alistair's Intoxication  Tmut/Pois      18%        N/A       99%         5
 Flame Wave               Conj/Fire      8%         2d5       100%        4
 Iskenderun's Mystic Bla  Conj/Tloc      8%         2d4       100%        4
 Sticky Flame             Conj/Fire      8%         2d3       100%        4
 Iskenderun's Battlesphe  Conj           8%         2d6       100%        5
 Iron Shot                Conj/Erth      4%         9d2       100%        6
 Simulacrum               Ice/Necr       8%         N/A       100%        6
 Malign Gateway           Summ/Tloc      4%         N/A       100%        7
 Spellforged Servitor     Conj/Summ      4%         N/A       100%        7
 Borgnjor's Revivificati  Necr           12%        N/A       100%        8
 Necromutation            Tmut/Necr      18%        N/A       100%        8
 Summon Horrible Things   Summ           4%         N/A       100%        8
 Death's Door             Necr           12%        N/A       100%        9


Dungeon Overview and Level Annotations

Branches:
Dungeon (15/15)            Temple (0/1) D:6            Lair (5/5) D:8
  Swamp (1/4) Lair:2        Snake (1/4) Lair:3        Slime (0/5) Lair:4
    Orc (2/2) D:10            Elf (1/3) Orc:2        Vaults (0/5) D:13
 Depths (0/4) D:15          IceCv (1/1)

Shops:
D:10 ([   D:13 [   Orc:2 [[:[

Annotations:
D:1 exclusion: downstairs
D:6 Maggie
D:7 exclusion: upstairs
Lair:1 1 runed translucent door, exclusion: door
Lair:3 Nergalle


Innate Abilities, Weirdness & Mutations

You have blades for hands.
Your spellcasting is less reliable in this form.
You are incapable of wielding weapons or throwing items.
You have an increased reservoir of magic. (+10% MP)
You shall have no god before yourself.
Your divine heritage dramatically boosts your attributes as you level up.


Message History

Flame seeps out of the anaconda simulacrum.
The anaconda simulacrum is moderately damaged.
The thunderbolt hits the anaconda simulacrum.
Flame seeps out of the anaconda simulacrum.
The anaconda simulacrum is moderately damaged.
The thunderbolt hits the caustic shrike simulacrum!
Flame seeps out of the caustic shrike simulacrum.
The caustic shrike simulacrum is heavily damaged.
The thunderbolt hits the lindwurm simulacrum!
Flame seeps out of the lindwurm simulacrum.
The lindwurm simulacrum is moderately damaged.
The thunderbolt hits the white very ugly thing.
Flame seeps out of the white very ugly thing.
The white very ugly thing is lightly wounded.
The thunderbolt hits the harpy simulacrum.
The harpy simulacrum is moderately damaged.
The thunderbolt hits the golden dragon simulacrum.
Flame seeps out of the golden dragon simulacrum.
The golden dragon simulacrum is lightly damaged.
The anaconda simulacrum is engulfed in blazing flames.
Flame seeps out of the anaconda simulacrum.
The anaconda simulacrum grabs you. The anaconda simulacrum bites you.
The anaconda simulacrum freezes you!!
* * * LOW HITPOINT WARNING * * *
The anaconda simulacrum constricts you.
The anaconda simulacrum is engulfed in blazing flames.
Flame seeps out of the anaconda simulacrum.
The anaconda simulacrum bites you.
* * * LOW HITPOINT WARNING * * *
The anaconda simulacrum freezes you!
* * * LOW HITPOINT WARNING * * *
The caustic shrike simulacrum is engulfed in blazing flames.
Flame seeps out of the caustic shrike simulacrum.
The caustic shrike simulacrum claws you but does no damage.
The caustic shrike simulacrum is engulfed in blazing flames.
Flame seeps out of the caustic shrike simulacrum.
The anaconda simulacrum is engulfed in blazing flames.
The anaconda simulacrum explodes!
The fiery explosion engulfs you!!!
You die...

### ###...
#......
##..○....
##........
#.Z○....8.
#§Z.......
#@○§Zu...$
#§Z§......
#...Z...8.
##....Z...
##.......
#......
###... ###


You could see a white very ugly thing (inner flame), an anaconda simulacrum
(inner flame), a lindwurm simulacrum (inner flame), a golden dragon simulacrum
(inner flame), a harpy simulacrum and 2 caustic shrike simulacra.

Vanquished Creatures
  Gastronok (Orc:1)
  Aizul (Lair:3)
  A fire giant (D:15)
  A deep elf sorcerer (Elf:1)
  Josephine (Orc:1)
  2 deep elf high priests (Elf:1)
  6 vault guards (D:13)
  5 hydras
  4 catoblepae
  2 centaur warriors
  14 two-headed ogres
  5 ogre magi
  3 boulder beetles
  9 death yaks
  An orc high priest (Elf:1)
  6 dancing weapons (Elf:1)
  Urug (Lair:2)
  2 shock serpents (Snake:1)
  12 deep elf knights (Elf:1)
  7 skeletal warriors (D:14)
  A wizard (Elf:1)
  2 bog bodies (Lair:2)
  11 deep elf archers (Elf:1)
  A lindwurm (Lair:4)
  15 deep elf pyromancers
  14 deep elf zephyrmancers (Elf:1)
  8 orc knights
  An orc sorcerer (Orc:2)
  11 oklob plants
  4 manticores
  A salamander (Snake:1)
  7 ugly things
  3 cyclopes
  22 elephants
  An ice statue (Lair:5)
  Maurice (D:11)
  2 naga magi (Snake:1)
  Joseph (D:10)
  7 black mambas
  3 gargoyles (D:12)
  A torpor snail (Lair:4)
  8 cane toads
  6 komodo dragons
  2 freezing wraiths
  3 rime drakes (Lair:4)
  A kobold demonologist (D:12)
  An unseen horror (D:12)
  An efreet (D:15)
  An anaconda simulacrum (IceCv)
  An ice devil (Lair:5)
  3 meliai (Lair:4)
  A queen bee (Lair:4)
  2 hornets
  6 polar bears
  8 trolls
  9 blink frogs
  A centaur simulacrum (D:14)
  Sigmund (D:2)
  2 air elementals (Elf:1)
  6 slime creatures
  A water elemental (Elf:1)
  A vampire (D:12)
  A jumping spider (shapeshifter) (D:15)
  5 wraiths
  68 yaks
  4 wyverns
  11 basilisks
  5 humans
  5 vampire mosquitoes
  A steam dragon (Lair:2)
  3 swamp worms (Lair:2)
  18 water moccasins
  5 acid dragons
  A floating eye (D:13)
  11 ice beasts
  4 black bears
  13 orc warriors
  A swamp drake (Lair:2)
  36 ogres
  7 boggarts
  9 wolves
  7 centaurs
  6 kobold brigands
  Blork the orc (D:5)
  10 bullfrogs
  A necrophage (D:6)
  3 scorpions
  2 earth elementals (Elf:1)
  3 gnoll sergeants
  8 wights
  44 killer bees
  2 howler monkeys
  3 electric eels
  4 hounds
  4 jellies
  2 gnoll boudas (D:5)
  6 orc priests
  3 iguanas
  17 orc wizards
  Natasha (thrice) (D:2)
  2 hell rats (Lair:4)
  23 gnolls
  5 adders
  A river rat (Lair:4)
  3 shadow imps
  5 white imps
  An ufetubus (D:6)
  A worm (D:4)
  2 dart slugs
  65 orcs
  6 endoplasms
  4 giant cockroaches
  8 goblins
  5 hobgoblins (D:1)
  4 jackals (D:2)
  5 quokkas
  4 ball pythons
  4 bats
  2 frilled lizards
  19 kobolds
  5 rats
777 creatures vanquished.

Vanquished Creatures (collateral kills)
  A deep elf pyromancer (Elf:1)
  3 killer bees (D:9)
4 creatures vanquished.

Vanquished Creatures (others)
  A wizard (Elf:1)
  2 humans (D:13)
  39 fungi
  75 plants
117 creatures vanquished.

Grand Total: 898 creatures vanquished

Notes
Turn   | Place    | Note
-------+----------+-------------------------------------------
     0 | D:5      | drugrobin the Demigod Delver began the quest for the Orb.
     0 | D:5      | Reached XP level 1. HP: 18/18 MP: 3/3
    11 | D:4      | Noticed a scorpion
    32 | D:4      | Noticed an ogre
   116 | D:4      | Noticed an iguana
   211 | D:2      | Noticed Natasha
   227 | D:1      | Reached skill level 2 in Unarmed Combat
   370 | D:1      | Reached XP level 2. HP: 25/25 MP: 4/4
   532 | D:1      | Reached skill level 3 in Unarmed Combat
   872 | D:1      | Reached XP level 3. HP: 30/30 MP: 5/5
  1192 | D:2      | Noticed Sigmund
  1693 | D:3      | Reached skill level 4 in Unarmed Combat
  2878 | D:3      | Reached XP level 4. HP: 33/37 MP: 6/6
  3008 | D:4      | Reached skill level 5 in Unarmed Combat
  3008 | D:4      | Reached XP level 5. HP: 24/42 MP: 7/7
  3839 | D:4      | Killed an ogre
  3840 | D:4      | Reached skill level 6 in Unarmed Combat
  3840 | D:4      | Reached XP level 6. HP: 50/50 MP: 8/8
  3981 | D:5      | Noticed Blork the orc
  4020 | D:5      | Killed Blork the orc
  4149 | D:5      | Reached skill level 7 in Unarmed Combat
  4420 | D:5      | Reached XP level 7. HP: 54/56 MP: 9/9
  4655 | D:5      | Reached skill level 8 in Unarmed Combat
  5411 | D:2      | Killed Sigmund
  5412 | D:2      | Reached skill level 9 in Unarmed Combat
  5695 | D:2      | Killed Natasha
  5801 | D:2      | Noticed Natasha
  5806 | D:2      | Killed Natasha
  5807 | D:2      | Reached XP level 8. HP: 62/62 MP: 8/10
  5970 | D:2      | Noticed Natasha
  5977 | D:2      | Killed Natasha
  6319 | D:6      | Found a staircase to the Ecumenical Temple.
  6525 | D:6      | Reached skill level 10 in Unarmed Combat
  6598 | D:6      | Noticed Maggie
  8145 | D:8      | Reached skill level 11 in Unarmed Combat
  8145 | D:8      | Reached XP level 9. HP: 47/71 MP: 0/11
  8486 | D:8      | Reached skill level 5 in Fighting
  8763 | D:8      | Reached skill level 12 in Unarmed Combat
  8936 | D:8      | Found a staircase to the Lair.
 10016 | D:9      | Reached XP level 10. HP: 74/83 MP: 7/13
 10146 | D:10     | Entered Level 10 of the Dungeon
 10550 | D:10     | Reached skill level 13 in Unarmed Combat
 10671 | D:10     | Found Timibloa's Weapon Boutique.
 10676 | D:10     | Found a staircase to the Orcish Mines.
 10678 | D:10     | Found Joamemes's Armour Boutique.
 10697 | D:10     | Bought a +1 ring mail of willpower for 160 gold pieces
 10966 | D:10     | Noticed Joseph
 10980 | D:10     | Killed Joseph
 11289 | Orc:1    | Entered Level 1 of the Orcish Mines
 11686 | Orc:1    | Noticed Gastronok
 11689 | Orc:1    | Noticed Josephine
 11704 | Orc:1    | Killed Josephine
 11705 | Orc:1    | Reached skill level 14 in Unarmed Combat
 11750 | Orc:1    | Killed Gastronok
 11751 | Orc:1    | Reached XP level 11. HP: 41/94 MP: 2/14
 12601 | Orc:1    | Noticed an ogre mage
 12610 | Orc:1    | Killed an ogre mage
 12808 | Lair:1   | Entered Level 1 of the Lair of Beasts
 12936 | Lair:1   | Reached skill level 15 in Unarmed Combat
 13104 | Lair:1   | Identified the +0 pair of boots "Joch" {rCorr}
 13910 | Lair:1   | Noticed a catoblepas
 13957 | Lair:1   | Killed a catoblepas
 14240 | Lair:1   | Found a runed translucent door.
 14240 | Lair:1   | Noticed a tentacled starspawn
 14620 | Lair:2   | Noticed Urug
 14642 | Lair:2   | Killed Urug
 14754 | Lair:1   | Reached skill level 16 in Unarmed Combat
 14802 | Lair:2   | Reached XP level 12. HP: 75/106 MP: 0/15
 14938 | Lair:2   | Noticed a boulder beetle
 14945 | Lair:2   | Killed a boulder beetle
 15099 | Lair:2   | Reached skill level 10 in Fighting
 15205 | Lair:2   | Noticed a six-headed hydra
 15541 | Lair:2   | Killed a six-headed hydra
 16205 | Lair:2   | Found a staircase to the Swamp.
 16527 | Lair:3   | Found a staircase to the Snake Pit.
 16539 | Lair:3   | Noticed a seven-headed hydra
 16557 | Lair:3   | Killed a seven-headed hydra
 16558 | Lair:3   | Reached skill level 17 in Unarmed Combat
 16671 | Lair:3   | Noticed a boulder beetle
 16716 | Lair:3   | Killed a boulder beetle
 16986 | Lair:3   | Noticed Nergalle
 18416 | Lair:4   | Found a staircase to the Slime Pits.
 18695 | Lair:4   | Reached XP level 13. HP: 95/116 MP: 2/16
 19121 | Lair:4   | Reached skill level 18 in Unarmed Combat
 21338 | Lair:4   | Identified the ring "Ebradill" {rN+ rCorr MP+9 Str-2 SInv}
 21510 | Lair:5   | Entered Level 5 of the Lair of Beasts
 22014 | Lair:5   | Reached skill level 19 in Unarmed Combat
 22849 | Lair:5   | Identified the +2 sling of the Mauling Dove {flame, +Blink
                  | Str-2 SInv}
 23830 | Lair:5   | Reached XP level 14. HP: 100/126 MP: 5/17
 23993 | Lair:5   | Reached skill level 20 in Unarmed Combat
 25476 | Lair:5   | Identified the +6 hand axe "Ucofocas" {speed, Fragile Will+
                  | Int+3}
 25689 | Orc:2    | Entered Level 2 of the Orcish Mines
 25734 | Orc:2    | Reached skill level 5 in Dodging
 25942 | Orc:1    | Reached skill level 1 in Spellcasting
 26513 | Orc:2    | Found a staircase to the Elven Halls.
 26945 | Orc:2    | Reached skill level 5 in Spellcasting
 27780 | Orc:2    | Found Ituppur's Antique Armour Boutique.
 27780 | Orc:2    | Found Nonil's Antique Armour Emporium.
 27781 | Orc:2    | Found Daifo's Armour Shoppe.
 27781 | Orc:2    | Found Igae's Book Boutique.
 27796 | Orc:2    | Learned a level 5 spell: Blade Hands
 28354 | D:11     | Reached skill level 1 in Transmutations
 28561 | D:11     | Noticed Maurice
 28575 | D:11     | Killed Maurice
 29775 | D:12     | Identified a scroll of acquirement
 29777 | D:12     | Acquired a +4 ring of slaying
 30039 | D:12     | Learned a level 3 spell: Mephitic Cloud
 30595 | D:13     | Found Tuluokay's Antique Armour Boutique.
 30676 | D:13     | Bought an ancient robe for 182 gold pieces
 30676 | D:13     | Identified the +2 robe of Context {rF++ rC+} (You bought it
                  | in a shop on level 13 of the Dungeon)
 30676 | D:13     | Bought a pitted leather armour for 224 gold pieces
 30676 | D:13     | Identified the +1 leather armour "Hierasea" {rPois} (You
                  | bought it in a shop on level 13 of the Dungeon)
 30676 | D:13     | Bought a pair of translucent boots for 304 gold pieces
 30676 | D:13     | Identified the +1 pair of boots of Lacul {Rampage rPois rF-
                  | Str+3} (You bought it in a shop on level 13 of the Dungeon)
 30676 | D:13     | Bought a glowing buckler for 240 gold pieces
 30695 | D:13     | Bought a runed ring mail for 224 gold pieces
 30729 | D:13     | Got the Parchment of Displacement
 30950 | D:13     | Reached XP level 15. HP: 132/134 MP: 23/29
 31680 | D:13     | Found a gate to the Vaults.
 32813 | D:14     | Reached skill level 5 in Transmutations
 33987 | D:15     | Entered Level 15 of the Dungeon
 34264 | D:15     | Found a staircase to the Depths.
 34264 | D:15     | Noticed a fire giant
 34367 | D:15     | Killed a fire giant
 35809 | Orc:2    | Bought a book of Changes for 288 gold pieces
 35811 | Orc:2    | Learned a level 1 spell: Beastly Appendage
 35814 | Orc:2    | Learned a level 2 spell: Wereblood
 35818 | Orc:2    | Learned a level 3 spell: Spider Form
 35857 | Elf:1    | Entered Level 1 of the Elven Halls
 36549 | Elf:1    | Learned a level 6 spell: Death Channel
 36757 | Elf:1    | Reached skill level 1 in Necromancy
 36980 | Elf:1    | Learned a level 2 spell: Call Imp
 37397 | Elf:1    | Reached XP level 16. HP: 120/146 MP: 13/32
 37560 | Elf:1    | Paralysed by an air elemental for 1 turns
 37657 | Elf:1    | Identified the +1 leather armour "Hopsac" {Str+2 Int+3}
 38674 | Swamp:1  | Entered Level 1 of the Swamp
 38740 | Snake:1  | Entered Level 1 of the Snake Pit
 38749 | Snake:1  | Noticed Aizul
 38779 | Lair:3   | Killed Aizul
 38904 | Snake:1  | Reached skill level 10 in Transmutations
 38983 | Snake:1  | Learned a level 4 spell: Ice Form
 38994 | Snake:1  | Found a frozen archway.
 39023 | IceCv    | Entered an ice cave
 39027 | IceCv    | Killed by an exploding anaconda simulacrum... ignited by
                  | their inner flame

Illustrated notes

Levels and vault maps discovered:
D:1:      saegor_arrival_simple_b, layout_basic
D:2:      layout_loops_ring, uniq_sigmund, uniq_natasha
D:3:      layout_basic, serial_rivers, chequers_serial_rivers_large_a,
          chequers_serial_rivers_small_b, chequers_serial_rivers_small_a,
          chequers_serial_rivers_micro_d, chequers_serial_rivers_room_a,
          chequers_serial_rivers_small_3, kennysheep_small_spiral
D:4:      layout_loops_ring, ashenzari_altar_1
D:5:      layout_basic, serial_glass, glass_columns_b, glass_columns_b,
          glass_columns_b, glass_columns_a, glass_columns_a, glass_columns_a,
          amcnicky_mini_rare_corridor_liquid, uniq_blork_the_orc
D:6:      layout_basic, minmay_temple_entry_nine_rooms, uniq_maggie
D:7:      layout_gridville, tso_oasis_becter
D:8:      layout_gridville, grunt_temple_overflow_open,
          minmay_misc_feat_columns, grunt_ministairs_10,
          minmay_increasing_density
D:9:      layout_rooms, grunt_temple_overflow_cloverleaf
D:10:     layout_roguey, orc_david_3, uniq_joseph
D:11:     layout_gridville, nicolae_elyvilon_temple_path, uniq_maurice
D:12:     kennysheep_windowed_halls, layout_loops_ring
D:13:     layout_loops_ring, ximxim_vaults_locker_room, serial_shops,
          nicolae_shop_temple_entry_statues_fountains, disabler_island
D:14:     layout_basic, chequers_serial_rivers_micro_b
D:15:     grunt_enter_depths_giant_problem, layout_basic, minivault_23,
          minmay_misc_feat_diagonals
Lair:1:   layout_roguey, pdpol_lair_cabin_in_the_woods
Lair:2:   layout_chaotic_city, nicolae_swamp_entry_splash_gauntlet,
          minivault_27, lemuel_oklob_altar, uniq_urug
Lair:3:   layout_gridlike, dummy_snake_entry, kilobyte_rumbling_trees,
          uniq_nergalle
Lair:4:   hangedman_what_comes_after_a, layout_gridlike,
          minmay_slime_entry_oklob_enclosed, infiniplex_staircase_pool_2,
          grunt_megastairs_5, lemuel_fruit_tree, serial_bayou_shore_a
Lair:5:   evilmike_catoblepas_cave, layout_cave_pods, ice2_lemuel,
          lemuel_fruit_fields, grunt_megastairs_2
Swamp:1:  layout_falls_marsh, nicolae_swamp_oxbows
Snake:1:  layout_basic, portal_ice_cave_entry_pillars_three, serial_shops, shop,
          minmay_shop_enchanted_jewellery, hangedman_corner_corridor, uniq_aizul
Orc:1:    layout_diamond_mine, mines4_lemuel, uniq_josephine, uniq_gastronok
Orc:2:    st_orc_ogre_mass, layout_diamond_mine, mines2_david
Elf:1:    layout_geoelf_diagonals, nicolae_trove_entry_diagonal,
          hangedman_elf_disciples, nicolae_elf_theology_debate
IceCv:    ice_cave_statue_garden_transporter

Skill      XL: |  1  2  3  4  5  6  7  8  9 10 11 12 13 14 15 16 |
---------------+-------------------------------------------------+-----
Unarmed Combat | 2 3 4 5 6 7 9 11 12 14 16 17 19 20 | 20.0
Fighting       | 4 6 8 9 11 12 14 | 14.2
Dodging        | 5 |  5.0
Spellcasting   | 6 8 |  8.0
Transmutations | 3 9 10 | 10.0
Necromancy     | 2 4 |  4.0
Stealth        | |  4.5

Action                     |  1- 3 |  4- 6 |  7- 9 | 10-12 | 13-15 | 16-18 || total
---------------------------+-------+-------+-------+-------+-------+-------++-------
  Melee: Unarmed           |    91 |   111 |   260 |   557 |  1131 |   110 ||  2260
         Punch             |     1 |     3 |       |       |    15 |     1 ||    20
         Short sword       |       |       |    10 |     3 |       |       ||    13
         Dagger            |       |       |       |    19 |    25 |       ||    44
   Fire: Sling             |    82 |    19 |     4 |    36 |   200 |       ||   341
  Throw: Dart              |       |    14 |    18 |     6 |    22 |     2 ||    62
         Boomerang         |       |     5 |    49 |    76 |   100 |       ||   230
         Javelin           |       |       |       |     2 |     3 |     2 ||     7
         Throwing net      |       |       |       |       |     1 |       ||     1
   Cast: Blade Hands       |       |       |       |       |    17 |     6 ||    23
         Mephitic Cloud    |       |       |       |       |     7 |       ||     7
         Call Imp          |       |       |       |       |     5 |       ||     5
         Spider Form       |       |       |       |       |     2 |       ||     2
         Wereblood         |       |       |       |       |     2 |       ||     2
         Beastly Appendage |       |       |       |       |     1 |       ||     1
  Evoke: Wand              |       |       |     2 |    13 |    12 |     1 ||    28
         Lightning rod     |       |       |       |       |     4 |     2 ||     6
    Use: Scroll            |       |       |    13 |     7 |    15 |     2 ||    37
         Potion            |       |       |     1 |     2 |     2 |     1 ||     6
   Stab: Sleeping          |     1 |     1 |       |     1 |     3 |       ||     6
         Distracted        |       |       |       |     1 |     2 |       ||     3
         Petrified         |       |       |       |     2 |       |       ||     2
         Held in net/web   |       |       |       |       |     2 |       ||     2
         Confused          |       |       |       |       |     1 |       ||     1
 Armour: Leather armour    |    12 |       |       |       |       |       ||    12
         Scale mail        |    17 |    39 |    20 |       |     1 |       ||    77
         Chain mail        |       |       |    60 |    20 |       |    28 ||   108
         Ring mail         |       |       |       |    95 |   173 |       ||   268
         Skin              |       |       |       |    12 |       |       ||    12
         Troll leather arm |       |       |       |       |    74 |       ||    74
         Robe              |       |       |       |       |     6 |       ||     6
  Dodge: Dodged            |    39 |    41 |   202 |   293 |   631 |    35 ||  1241
         Repelled          |       |       |       |       |     2 |     2 ||     4
  Block: Buckler           |       |       |       |       |    32 |     6 ||    38

Table legend: (Time is in decaauts)
 A = Elapsed time spent in this place.
 B = Non-inter-level travel time spent in this place.
 C = Inter-level travel time spent in this place.
 D = Time resting spent in this place.
 E = Time spent auto-exploring this place.
 F = Levels seen in this place.
 G = Mean time per level.
                   A        B        C        D        E       F      G
               +--------+--------+--------+--------+--------+-----+--------+
         Total |  38799 |  36287 |   2512 |   6861 |  20523 |  26 | 1492.3 |
       Dungeon |  19022 |  17869 |   1153 |   1471 |  11983 |  15 | 1268.1 |
          Lair |  13357 |  12320 |   1037 |   3661 |   6000 |   5 | 2671.4 |
         Swamp |      2 |      2 |      0 |      0 |      0 |   1 |    2.0 |
     Snake Pit |    150 |    150 |      0 |      3 |      0 |   1 |  150.0 |
  Orcish Mines |   3947 |   3720 |    227 |   1421 |   1369 |   2 | 1973.5 |
   Elven Halls |   2314 |   2220 |     94 |    304 |   1170 |   1 | 2314.0 |
      Ice Cave |      3 |      3 |      0 |      0 |      0 |   1 |    3.0 |
               +--------+--------+--------+--------+--------+-----+--------+

Top non-repeatable levels by time:
  Lair:4: 4064 daAuts
  Lair:5: 3230 daAuts
   Elf:1: 2314 daAuts
  Lair:3: 2185 daAuts
   Orc:1: 2143 daAuts
    D:13: 2123 daAuts
  Lair:2: 2096 daAuts
   Orc:2: 1804 daAuts
  Lair:1: 1781 daAuts
    D:12: 1570 daAuts
     D:8: 1507 daAuts
     D:5: 1334 daAuts
    D:15: 1331 daAuts
    D:14: 1327 daAuts
     D:4: 1315 daAuts
